 Dungeon Crawl Stone Soup version 0.29-a0-582-ge82337ba6a (webtiles) character file.

Game seed: 17981856797162780805

2704 inmateoo the Martial Artist (level 9, -1/60 HPs)
             Began as a Merfolk Transmuter on June 15, 2022.
             Was a Follower of Hepliaklqana.
             Killed from afar by a steam dragon (14 damage)
             ... with a ball of steam
             ... on level 7 of the Dungeon.
             The game lasted 00:13:09 (7165 turns).

inmateoo the Martial Artist (Merfolk Transmuter)    Turns: 7165, Time: 00:13:10

Health: -1/60      AC:  2    Str: 10    XL:     9   Next: 65%
Magic:  11/16      EV: 22    Int: 17    God:    Hepliaklqana [*.....]
Gold:   155        SH:  0    Dex: 19    Spells: 8/18 levels left

rFire   . . .      SeeInvis .     - Unarmed
rCold   . . .      Faith    .   (shield currently unavailable)
rNeg    . . .      Spirit   .   (body armour currently unavailable)
rPois   .          Reflect  .   (helmet currently unavailable)
rElec   .          Harm     .   (cloak currently unavailable)
rCorr   .          Rampage  .   (gloves currently unavailable)
Will    .....                   (boots currently unavailable)
Stlth   ++........              c - amulet of regeneration
HPRegen 1.00/turn               w - ring of poison resistance
MPRegen 0.15/turn               (no ring)

@: spider-form, wereblooded, studying Air Magic
A: venomous fangs, reduced essence, tiny, (nimble swimmer 2), (mertail)
a: End Transformation, Renounce Religion, Recall Ancestor, Ancestor Identity


You were on level 7 of the Dungeon.
You worshipped Hepliaklqana.
Hepliaklqana was aware of your devotion.
You were a venomous arachnid creature.
You visited 2 branches of the dungeon, and saw 8 of its levels.
You also visited: Ossuary.

You collected 375 gold pieces.
You spent 220 gold pieces at shops.

Inventory:

Missiles
 f - 27 poisoned darts
 u - 5 silver javelins
Armour
 h - a +0 robe of positive energy
 k - a +0 helmet (melded)
 o - a +0 cloak (melded)
 E - +1 acid dragon scales (melded)
Magical Staves
 p - a staff of air
 B - a staff of earth
Jewellery
 a - an amulet of magic regeneration
 c - an amulet of regeneration (around neck)
 w - a ring of poison resistance (left front leg)
Wands
 x - a wand of digging (6)
 y - a wand of acid (7)
Scrolls
 j - 2 scrolls of fog
 t - a scroll of poison
 F - a scroll of brand weapon
Potions
 b - a potion of magic
 d - 5 potions of curing
 e - 2 potions of cancellation
 i - 3 potions of brilliance
 l - 3 potions of heal wounds {unknown}
 m - a potion of resistance
 n - 3 potions of ambrosia {unknown}
 q - 3 potions of might {unknown}
 r - 2 potions of invisibility
 s - 5 potions of degeneration {unknown}
 v - a potion of attraction {unknown}
 z - 2 potions of mutation {unknown}
 A - a potion of flight {unknown}


   Skills:
 + Level 4.8 Fighting
 - Level 5.0 Dodging
 * Level 9.6 Unarmed Combat
 + Level 5.0 Spellcasting
 - Level 6.0 Transmutations
 + Level 3.4 Ice Magic
 - Level 3.0 Poison Magic
 - Level 2.0 Evocations


You had 8 spell levels left.
You knew the following spells:

 Your Spells              Type           Power      Damage    Failure   Level
a - Beastly Appendage     Tmut           48%        N/A       6%          1
b - Wereblood             Tmut           24%        N/A       8%          2
c - Spider Form           Tmut/Pois      19%        N/A       19%         3
d - Ice Form              Ice/Tmut       20%        N/A       41%         4

Your spell library contained the following spells:

 Spells                   Type           Power      Damage    Failure   Level
 Sting                    Tmut/Pois      76%        1d6       9%          1
 Passwall                 Tmut/Erth      11%        N/A       17%         2
 Ensorcelled Hibernation  Hex/Ice        20%        N/A       26%         2
 Poisonous Vapours        Pois/Air       18%        N/A       28%         2
 Ignite Poison            Fire/Tmut/Pois 14%        N/A       28%         3
 Conjure Flame            Conj/Fire      4%         6-21      61%         3
 Gell's Gravitas          Tloc           4%         N/A       61%         3
 Swiftness                Air            4%         N/A       61%         3
 Olgreb's Toxic Radiance  Pois           14%        N/A       61%         4
 Sticky Flame             Conj/Fire      4%         2d3       92%         4
 Malign Gateway           Summ/Tloc      2%         N/A       100%        7


Dungeon Overview and Level Annotations

Branches:
Dungeon (7/15)             Temple (1/1) D:6         Ossuary (visited)

Altars:
Ashenzari
Cheibriados
Dithmenos
Elyvilon
Fedhas
Gozag
Hepliaklqana
Kikubaaqudgha
Makhleb
Nemelex Xobeh
Okawaru
Qazlal
Ru
Sif Muna
Trog
Uskayaw
Vehumet
Wu Jian
Xom
Yredelemnul
Zin
The Shining One

Shops:
D:4 =


Innate Abilities, Weirdness & Mutations

You are a venomous arachnid creature.
You have poisonous fangs.
You are tiny and dextrous.
Your spellcasting is less reliable in this form.
Your armour is entirely melded.
You are incapable of wielding weapons or throwing items.
Your life essence is reduced to manifest your ancestor. (-10% HP)
((You are very nimble when in or above water. (Stealth+, EV+, Speed+++)))
((Your lower body shifts to a powerful aquatic tail in water.))


Message History

No target in view!
You start resting.
HP restored.
You swap places.
Found 20 stones.
No target in view!
A sky beast and a steam dragon come into view.
The steam dragon breathes steam at you. The ball of steam hits you!
The sky beast moves out of view.
The steam dragon moves out of view.
You hear a shout!
No reachable target in view!
You're standing in a cloud of steam!
No reachable target in view!
An orc comes into view. It is wielding a +0 dagger.
Casting: Ice Form (quite dangerous; 32% risk of failure)
Confirm with . or Enter, or press ? or * to list all spells.
You turn into a venomous arachnid creature.
Your +0 cloak melds into your body.
Your +0 helmet melds into your body.
Your +1 acid dragon scales melds into your body.
The steam dragon breathes steam at you. The ball of steam hits you.
The sky beast completely misses you.
You hear an angry growl.
You hit the sky beast.
The sky beast is poisoned.
The sky beast is moderately wounded.
You are engulfed in a cloud of scalding steam.
The sky beast completely misses you.
Casting: Spider Form (dangerous; 19% risk of failure)
Confirm with . or Enter, or press ? or * to list all spells.
Your blood is infused with primal strength.
You are engulfed in a cloud of scalding steam.
The steam dragon barely misses you. The steam dragon claws you.
The sky beast hits you.
* * * LOW HITPOINT WARNING * * *
The sky beast shocks you.
* * * LOW HITPOINT WARNING * * *
The orc hits Tawil with a +0 dagger.
The steam dragon breathes steam at you. The ball of steam hits you!
You die...

♣♣♣ ... ♣.♣ ### ####
♣.♣## ♣.♣♣ ♣..♣♣ ♣.♣..♣
...♣♣♣♣..♣♣♣(♣♣..♣♣♣♣♣.♣
......♣♣..♣♣.♣ ♣YD♣o..♣
...♣♣♣.♣♣.(♣.♣♣♣♣§R♣♣
♣.♣♣ ♣♣.........s...#
### ###############


You could see the friendly Tawil the ancestor, a steam dragon (catching breath,
ally target) and an orc.

Vanquished Creatures
  Maggie (D:6)
  Grinder (D:6)
  2 ice beasts (D:7)
  A sky beast (D:5)
  3 centaurs
  A phantom (D:5)
  Blork the orc (D:6)
  A kobold brigand (D:6)
  2 bullfrogs
  4 scorpions
  6 electric eels (D:6)
  2 hounds
  Crazy Yiuf (D:2)
  2 jellies
  7 orc priests
  4 orc wizards
  Natasha (thrice) (D:2)
  3 iguanas
  3 mummies (Ossuary)
  Robin (D:2)
  4 gnolls (D:6)
  9 adders
  An adder zombie (Ossuary)
  A worm (D:5)
  4 dart slugs
  18 orcs
  A bat (D:2)
  6 endoplasms
  4 giant cockroaches
  9 goblins
  8 hobgoblins
  2 jackals (D:4)
  2 quokkas
  8 ball pythons
  10 frilled lizards
  2 goblin zombies
  4 hobgoblin zombies (Ossuary)
  7 kobolds
  A kobold zombie (Ossuary)
  An orc zombie (Ossuary)
  4 quokka zombies (Ossuary)
  8 rats
  3 rat zombies
166 creatures vanquished.

Vanquished Creatures (collateral kills)
  A bullfrog (D:7)
  2 adder zombies (Ossuary)
  A quokka zombie (Ossuary)
  A rat zombie (Ossuary)
5 creatures vanquished.

Vanquished Creatures (others)
  An ancestor (Ossuary)
  48 plants
49 creatures vanquished.

Grand Total: 220 creatures vanquished

Notes
Turn   | Place    | Note
-------+----------+-------------------------------------------
     0 | D:1      | inmateoo the Merfolk Transmuter began the quest for the
                  | Orb.
     0 | D:1      | Reached XP level 1. HP: 15/15 MP: 3/3
   220 | D:1      | Found a faded altar of an unknown god.
   260 | D:1      | Reached XP level 2. HP: 21/21 MP: 3/5
   265 | D:1      | Learned a level 2 spell: Wereblood
  1124 | D:2      | Noticed Natasha
  1235 | D:2      | Noticed a crimson imp
  1237 | D:2      | Noticed a crimson imp
  1251 | D:2      | Killed Natasha
  1252 | D:2      | Reached XP level 3. HP: 27/27 MP: 3/6
  1259 | D:2      | Learned a level 3 spell: Spider Form
  1307 | D:2      | Noticed Robin
  1332 | D:2      | Killed Robin
  1333 | D:2      | Reached XP level 4. HP: 30/33 MP: 4/7
  1394 | D:2      | Found a runed translucent door.
  1395 | D:2      | Noticed Crazy Yiuf
  1542 | D:2      | Found a sacrificial altar of Ru.
  1716 | D:2      | Noticed Natasha
  1730 | D:2      | Killed Natasha
  1731 | D:2      | Reached skill level 4 in Unarmed Combat
  1731 | D:2      | Reached XP level 5. HP: 13/39 MP: 4/9
  1738 | D:2      | Noticed Natasha
  1751 | D:2      | Killed Natasha
  1870 | D:2      | Got Fyim Huo's Handbook of Displacement
  2151 | D:2      | Killed Crazy Yiuf
  2946 | D:4      | Reached XP level 6. HP: 46/46 MP: 6/10
  3599 | D:4      | Found Ugitoarrof's Jewellery Shop.
  3614 | D:4      | Bought a ring of poison resistance for 220 gold pieces
  3737 | D:4      | Reached skill level 5 in Transmutations
  3754 | D:4      | Reached skill level 5 in Unarmed Combat
  3754 | D:4      | Reached XP level 7. HP: 50/52 MP: 6/12
  3850 | D:5      | Entered Level 5 of the Dungeon
  4036 | D:5      | Reached skill level 6 in Unarmed Combat
  4094 | D:5      | Reached skill level 7 in Unarmed Combat
  4094 | D:5      | Reached XP level 8. HP: 26/58 MP: 8/14
  4254 | D:5      | Learned a level 4 spell: Ice Form
  4311 | D:5      | Reached skill level 8 in Unarmed Combat
  4500 | D:6      | Noticed Maggie
  4519 | D:6      | Killed Maggie
  4520 | D:6      | Reached skill level 1 in Ice Magic
  4520 | D:6      | Reached skill level 1 in Poison Magic
  4703 | D:6      | Reached skill level 1 in Evocations
  5101 | D:6      | Reached XP level 9. HP: 51/65 MP: 11/15
  5141 | D:6      | Noticed Blork the orc
  5145 | D:6      | Killed Blork the orc
  5169 | D:6      | Found a staircase to the Ecumenical Temple.
  5178 | D:6      | Reached skill level 5 in Dodging
  5190 | Temple   | Entered the Ecumenical Temple
  5506 | Temple   | Became a worshipper of Hepliaklqana the Forgotten
  5732 | D:6      | Noticed Grinder
  5749 | D:6      | Killed Grinder
  5750 | D:6      | Reached skill level 9 in Unarmed Combat
  6608 | D:7      | Found a sand-covered staircase.
  6628 | Ossuary  | Entered an ossuary
  6633 | Ossuary  | Reached * piety under Hepliaklqana
  7140 | D:7      | Reached skill level 5 in Spellcasting
  7165 | D:7      | Killed from afar by a steam dragon

Illustrated notes

Levels and vault maps discovered:
D:1:      dpeg_arrival_three_same_balls, layout_loops_ring,
          ebering_ecumenical_altar_abandoned, minmay_misc_feat_x
D:2:      wander_river, layout_basic, basic_altar, minmay_misc_feat_ornament,
          uniq_robin, uniq_crazy_yiuf_cottage, uniq_natasha
D:3:      layout_loops_ring, glass_columns_a
D:4:      layout_basic, serial_shops, nicolae_shop_waterfront,
          minmay_manual_mares
D:5:      layout_cave_pools, grunt_ministairs_9, minmay_lizard_king
D:6:      layout_loops_corners, minmay_temple_entry_glassed_door, serial_bayou,
          serial_bayou_pond_d, serial_bayou_lagoon_a, serial_bayou_pond_a,
          serial_bayou_shore_a, chequers_big_river, uniq_blork_the_orc,
          uniq_grinder, uniq_maggie
D:7:      nzn_winding_woodlands_large [nzn_winding_woodlands_5x5_checkerboard,
          nzn_winding_woodlands_5x15_garden, nzn_winding_woodlands_5x5_cross,
          nzn_winding_woodlands_center_pierced_h,
          nzn_winding_woodlands_15x15_boxy_spiral,
          nzn_winding_woodlands_center_diamonds,
          nzn_winding_woodlands_5x5_default, nzn_winding_woodlands_5x15_pockets,
          nzn_winding_woodlands_5x5_closed_star], layout_basic, enter_ossuary_4
Temple:   mainiacjoe_temple_circle_huts

Skill      XL: |  1  2  3  4  5  6  7  8  9 |
---------------+----------------------------+-----
Dodging        | 3 4 5 |  5.0
Transmutations | 3 4 5 6 |  6.0
Fighting       | 2 3 4 |  4.8
Unarmed Combat | 4 5 7 8 9 |  9.6
Spellcasting   | 3 4 5 |  5.0
Ice Magic      | 1 3 |  3.4
Poison Magic   | 2 3 |  3.0
Evocations     | 1 2 |  2.0

Action                   |  1- 3 |  4- 6 |  7- 9 || total
-------------------------+-------+-------+-------++-------
Melee: Unarmed           |    75 |   180 |   282 ||   537
       Headbutt          |    14 |     8 |     2 ||    24
       Punch             |       |     9 |     7 ||    16
 Cast: Beastly Appendage |    17 |    13 |     5 ||    35
       Wereblood         |     2 |     9 |    14 ||    25
       Spider Form       |       |     6 |    13 ||    19
       Ice Form          |       |       |     4 ||     4
Evoke: Wand              |       |       |     8 ||     8
  Use: Scroll            |     2 |     3 |    12 ||    17
       Potion            |       |     3 |       ||     3
 Stab: Sleeping          |     1 |       |     1 ||     2
Armor: Robe              |    14 |    20 |     3 ||    37
       Skin              |       |     9 |    34 ||    43
       Acid dragon scale |       |       |    31 ||    31
Dodge: Dodged            |    47 |   105 |   174 ||   326

Table legend: (Time is in decaauts)
 A = Elapsed time spent in this place.
 B = Non-inter-level travel time spent in this place.
 C = Inter-level travel time spent in this place.
 D = Time resting spent in this place.
 E = Time spent auto-exploring this place.
 F = Levels seen in this place.
 G = Mean time per level.
                   A        B        C        D        E       F      G
               +--------+--------+--------+--------+--------+-----+--------+
         Total |   7077 |   6880 |    197 |   1711 |   3463 |   9 |  786.3 |
       Dungeon |   6461 |   6275 |    186 |   1576 |   3172 |   7 |  923.0 |
        Temple |    328 |    317 |     11 |      0 |    279 |   1 |  328.0 |
       Ossuary |    286 |    286 |      0 |    135 |     12 |   1 |  286.0 |
               +--------+--------+--------+--------+--------+-----+--------+

Top non-repeatable levels by time:
     D:6: 1487 daAuts
     D:1: 1119 daAuts
     D:2: 1093 daAuts
     D:4: 891 daAuts
     D:5: 787 daAuts
     D:3: 734 daAuts
     D:7: 347 daAuts
  Temple: 328 daAuts
 Ossuary: 286 daAuts
